 Dungeon Crawl Stone Soup version 0.25-a0-502-g6516661a7a (webtiles) character file.

Game seed: 9642166153703894070, levelgen mode: deterministic

16118 sking99 the Grappler (level 12, 0/156 (157) HPs)
             Began as an Ogre Transmuter on Feb 12, 2020.
             Was a High Priest of Okawaru.
             Killed from afar by an oklob plant (8 damage)
             ... with a splash of acid
             ... on level 3 of the Lair of Beasts.
             The game lasted 00:32:32 (16123 turns).

sking99 the Grappler (Ogre Transmuter)             Turns: 16123, Time: 00:32:33

HP:   0/156 (157)   AC: -9    Str: 17    XL:     12   Next: 34%
MP:   19/19         EV: 11    Int: 18    God:    Okawaru [*****.]
Gold: 956           SH:  0    Dex:  9    Spells: 11/21 levels left

rFire    x . .     SeeInvis .     - Unarmed
rCold    + + +     Gourm    .   (shield currently unavailable)
rNeg     . . .     Faith    .   (armour currently unavailable)
rPois    +         Spirit   .   (helmet currently unavailable)
rElec    .         Reflect  .   (cloak currently unavailable)
rCorr    +         Harm     .   (gloves unavailable)
MR       +....                  (boots unavailable)
Stlth    +.........             (no amulet)
HPRegen  0.36/turn              n - ring of resist corrosion
MPRegen  0.16/turn              J - ring of wizardry

@: ice-form, corroded, studying Long Blades
A: large, unfitting armour
a: End Transformation, Heroism, Finesse, Renounce Religion


You were on level 3 of the Lair of Beasts.
You worshipped Okawaru.
Okawaru was extremely pleased with you.
You were not hungry.
You were a creature of crystalline ice.
You visited 2 branches of the dungeon, and saw 14 of its levels.

You collected 956 gold pieces.

Inventory:

Missiles
 a - 162 arrows
 b - a throwing net
 l - 11 atropa-tipped darts (quivered)
 p - 77 poisoned darts
 Q - 8 silver javelins
 R - 18 curare-tipped darts
Armour
 u - a scarf of resistance (melded)
 F - +0 steam dragon scales (melded)
 I - a +2 kite shield of cold resistance
Jewellery
 c - an uncursed ring of magical power
 j - an uncursed ring of flight
 m - an uncursed ring of see invisible
 n - a ring of resist corrosion (left front paw)
 x - a +5 ring of intelligence
 B - a +3 ring of protection
 E - an uncursed ring of stealth
 J - a ring of wizardry (right front paw)
Wands
 t - a wand of acid (7)
 w - a wand of iceblast (23)
 y - a wand of disintegration (11)
 C - a wand of polymorph (18)
 L - a wand of random effects (16)
 S - a wand of flame (9)
 T - a wand of paralysis (13)
Scrolls
 e - 5 scrolls of blinking
 f - 3 scrolls of teleportation
 g - 4 scrolls of magic mapping
 k - 7 scrolls of remove curse
 q - a scroll of holy word
 v - a scroll of amnesia
 A - 3 scrolls of fear
 D - 7 scrolls of identify
 K - 2 scrolls of random uselessness {unknown}
 N - a scroll of immolation {unknown}
 P - 2 scrolls of enchant weapon {unknown}
 U - a scroll of fog {unknown}
Potions
 h - 2 potions of flight
 i - a potion of brilliance
 r - 2 potions of might
 s - a potion of ambrosia
 z - 5 potions of curing
 G - a potion of magic
 H - 4 potions of haste
 M - a potion of invisibility {unknown}
Books
 O - a manual of Long Blades
Comestibles
 d - 18 rations
 o - 7 chunks of flesh


   Skills:
 + Level 11.7 Fighting
 + Level 5.4 Throwing
 + Level 5.3 Dodging
 * Level 11.9 Unarmed Combat
 - Level 5.0 Spellcasting
 - Level 5.8 Transmutations
 - Level 3.1 Ice Magic
 - Level 1.6 Poison Magic
 - Level 4.0 Invocations


You had 11 spell levels left.
You knew the following spells:

 Your Spells              Type           Power        Failure   Level  Hunger
a - Ice Form              Ice/Tmut       ###.....     9%          4    ####...
b - Sticks to Snakes      Tmut           ####....     1%          2    #......
c - Beastly Appendage     Tmut           ####..       1%          1    None
d - Spider Form           Tmut/Pois      ###.......   3%          3    ##.....

Your spell library contained the following spells:

 Spells                   Type           Power        Failure   Level  Hunger
 Animate Skeleton         Necr           N/A          5%          1    None
 Apportation              Tloc           #.....       5%          1    None
 Corona                   Hex            #......      5%          1    None
 Magic Dart               Conj           #...         5%          1    None
 Shock                    Conj/Air       #...         5%          1    None
 Summon Small Mammal      Summ           #...         5%          1    None
 Blink                    Tloc           N/A          9%          2    #......
 Call Imp                 Summ           #.......     9%          2    #......
 Slow                     Hex            #.......     9%          2    #......
 Swiftness                Chrm/Air       #.......     9%          2    #......
 Mephitic Cloud           Conj/Pois/Air  #.......     13%         3    ##.....
 Blade Hands              Tmut           ####......   13%         5    ######.
 Conjure Flame            Conj/Fire      #.......     16%         3    ##.....
 Inner Flame              Hex/Fire       #.......     16%         3    ##.....
 Portal Projectile        Hex/Tloc       #.....       16%         3    ##.....
 Static Discharge         Conj/Air       #.......     16%         3    ##.....
 Airstrike                Air            #.........   45%         4    ####...
 Cause Fear               Hex            #.........   45%         4    ####...
 Leda's Liquefaction      Hex/Erth       #.........   45%         4    ####...
 Lightning Bolt           Conj/Air       #.........   78%         5    ######.


Dungeon Overview and Level Annotations

Branches:
Dungeon (11/15)            Temple (0/1) D:6            Lair (3/6) D:10
  Swamp (0/4) Lair:2          Orc (0/2) D:10
  Snake: Lair:2-4    Spider: Lair:2-4

Altars:
Dithmenos
Kikubaaqudgha
Makhleb
Okawaru
Sif Muna
Wu Jian
Yredelemnul

Annotations:
Lair:3 exclusion: 2 oklob plants


Innate Abilities, Weirdness & Mutations

You are too large for most types of armour.
((You have tough skin. (AC +1)))


Message History

* * * LOW HITPOINT WARNING * * *
The acid corrodes you!
You are splashed with acid!
You resist.
* * * LOW HITPOINT WARNING * * *
Things that are here:
the +3 sling "Punk" {acid, rCorr}; 15 gold pieces The oklob plant spits acid at you.
The splash of acid hits you! You resist.
* * * LOW HITPOINT WARNING * * *
The acid corrodes you!
You are splashed with acid.
You resist.
* * * LOW HITPOINT WARNING * * *
The oklob plant spits acid at you. The splash of acid hits you. You resist.
* * * LOW HITPOINT WARNING * * *
You are splashed with acid.
You resist.
* * * LOW HITPOINT WARNING * * *
The oklob plant spits acid at you. The splash of acid misses you.
The oklob plant spits acid at you. The splash of acid hits you! You resist.
You die...

.. ..≈. #..##.P. #..#...
# ##...#.. ####
####...##.## #.#.
.......#..######.#.
#######.#...#.###.......
#$|$..P..........##.♣♣..
#..$..PY.(†.............
#.).)...........##.#..#.
#$P..$P..###...(.#....#.
#)P../.......#........#.
#######..#...#......##..
##.....#..........
.....##....#.#.##
...?..#.P..#### # ....##
#


You could see 2 oklob plants.

Vanquished Creatures
  Harold (D:8)
  A hydra (Lair:1)
  2 oklob plants (Lair:3)
  An ice statue (D:10)
  A rime drake (Lair:3)
  A spiny frog (Lair:3)
  Maggie (D:8)
  3 komodo dragons
  A polar bear (shapeshifter) (Lair:2)
  A troll (D:10)
  Grinder (D:3)
  A bog body (Lair:2)
  3 blink frogs (Lair:3)
  A hippogriff (D:8)
  Sigmund (D:2)
  A wraith (D:10)
  3 basilisks
  Eustachio (D:6)
  3 wyverns (D:10)
  19 yaks
  Menkaure (D:5)
  4 water moccasins
  2 acid dragons (D:10)
  4 porcupines
  8 orc warriors
  3 ice beasts
  A phantom (D:10)
  2 sky beasts
  2 necrophages
  A wolf (Lair:3)
  4 ogres
  A centaur (D:6)
  5 crocodiles
  12 bullfrogs
  2 big kobolds
  Blork the orc (D:5)
  A wyvern zombie (D:7)
  3 gnoll sergeants (D:10)
  3 scorpions
  A wyvern skeleton (D:9)
  5 killer bees (D:10)
  2 howler monkeys (D:5)
  2 electric eels
  A crimson imp (D:9)
  A bullfrog zombie (D:5)
  2 jellies
  2 hounds
  3 orc priests
  A bullfrog skeleton (D:10)
  A centaur skeleton (D:4)
  Terence (D:2)
  Jessica (D:2)
  3 iguanas
  11 orc wizards
  5 worker ants
  A killer bee zombie (D:6)
  Robin (D:3)
  4 gnolls (D:10)
  A howler monkey skeleton (D:6)
  14 adders
  2 shadow imps
  An ooze (D:1)
  An adder zombie (D:7)
  An adder skeleton (D:9)
  3 worms (D:2)
  A dart slug (D:1)
  A leopard gecko (D:8)
  33 orcs
  2 ball pythons
  5 giant cockroaches
  14 hobgoblins
  6 jackals
  9 bats
  2 frilled lizards (D:2)
  22 goblins
  9 kobolds
  A leopard gecko skeleton (D:7)
  A quokka skeleton (D:8)
  7 rats
291 creatures vanquished.

Vanquished Creatures (others)
  A fungus (Lair:3)
  2 plants (Lair:3)
3 creatures vanquished.

Grand Total: 294 creatures vanquished

Notes
Turn   | Place    | Note
-------+----------+-------------------------------------------
     0 | D:1      | sking99 the Ogre Transmuter began the quest for the Orb.
     0 | D:1      | Reached XP level 1. HP: 19/19 MP: 3/3
   177 | D:1      | Reached XP level 2. HP: 27/28 MP: 5/5
   555 | D:1      | Reached XP level 3. HP: 32/36 MP: 6/6
   559 | D:1      | Learned a level 2 spell: Sticks to Snakes
   563 | D:1      | Learned a level 3 spell: Spider Form
  1348 | D:2      | Noticed Sigmund
  1358 | D:2      | Killed Sigmund
  1358 | D:2      | Reached skill level 1 in Poison Magic
  1358 | D:2      | Reached XP level 4. HP: 36/44 MP: 0/9
  1358 | D:2      | Reached XP level 5. HP: 42/50 MP: 0/10
  2001 | D:2      | Noticed Jessica
  2005 | D:2      | Killed Jessica
  2068 | D:2      | Noticed Terence
  2083 | D:2      | Killed Terence
  2262 | D:2      | Reached XP level 6. HP: 61/61 MP: 7/11
  2534 | D:3      | Noticed Robin
  2578 | D:3      | You fall into a shaft and drop 2 floors!
  2578 | D:5      | Entered Level 5 of the Dungeon
  3584 | D:3      | Killed Robin
  3828 | D:3      | Noticed Grinder
  3846 | D:3      | Killed Grinder
  3846 | D:3      | Reached skill level 5 in Unarmed Combat
  3846 | D:3      | Reached XP level 7. HP: 58/71 MP: 7/12
  4001 | D:4      | Found an iron altar of Okawaru.
  4023 | D:4      | Became a worshipper of Warmaster Okawaru
  4213 | D:4      | Reached skill level 5 in Fighting
  5102 | D:5      | Reached XP level 8. HP: 29/83 MP: 10/13
  5344 | D:5      | Noticed Blork the orc
  5354 | D:5      | Killed Blork the orc
  5620 | D:5      | Noticed Menkaure
  5620 | D:5      | You fall into a shaft and drop 2 floors!
  5651 | D:7      | Reached skill level 1 in Invocations
  6025 | D:5      | Reached * piety under Okawaru
  6242 | D:5      | Killed Menkaure
  6464 | D:5      | Found an ornate altar of the Wu Jian Council.
  6707 | D:6      | Found a staircase to the Ecumenical Temple.
  6818 | D:6      | Noticed Eustachio
  6827 | D:6      | Killed Eustachio
  6939 | D:6      | Found an ancient bone altar of Kikubaaqudgha.
  6945 | D:6      | Reached XP level 9. HP: 93/93 MP: 10/14
  6953 | D:6      | Reached ** piety under Okawaru
  7377 | D:6      | Found a shadowy altar of Dithmenos.
  7915 | D:6      | Found a shimmering blue altar of Sif Muna.
  8546 | D:7      | Found a burning altar of Makhleb.
  8671 | D:8      | Noticed Maggie
  8672 | D:8      | Found a basalt altar of Yredelemnul.
  8707 | D:8      | Killed Maggie
  8925 | D:8      | Reached *** piety under Okawaru
  9275 | D:8      | Reached XP level 10. HP: 100/106 MP: 6/15
  9507 | D:8      | Noticed Harold
  9521 | D:8      | Killed Harold
  9521 | D:8      | Reached skill level 1 in Throwing
  9521 | D:8      | Reached skill level 10 in Unarmed Combat
  9858 | D:8      | Learned a level 4 spell: Ice Form
 10205 | D:9      | Reached skill level 1 in Ice Magic
 10244 | D:9      | Reached **** piety under Okawaru
 10744 | D:10     | Entered Level 10 of the Dungeon
 11246 | D:10     | Reached skill level 5 in Transmutations
 11304 | D:10     | Reached skill level 5 in Spellcasting
 11365 | D:10     | Noticed an ice statue
 11387 | D:10     | Killed an ice statue
 11449 | D:10     | Reached XP level 11. HP: 84/116 MP: 18/18
 11812 | D:10     | Found a staircase to the Orcish Mines.
 11816 | D:10     | Reached skill level 10 in Fighting
 11868 | D:10     | HP: 5/116 [poisoned by a gnoll sergeant]
 11873 | D:10     | HP: 5/116 [poisoned by a gnoll sergeant]
 11878 | D:9      | HP: 4/116 [poisoned by a gnoll sergeant]
 11886 | D:9      | HP: 5/116 [poisoned by a gnoll sergeant]
 12278 | D:10     | Reached ***** piety under Okawaru
 12743 | D:10     | Found a staircase to the Lair.
 12990 | Lair:1   | Entered Level 1 of the Lair of Beasts
 13127 | Lair:1   | Received a gift from Okawaru
 13290 | Lair:1   | Noticed a five-headed hydra
 13300 | Lair:1   | Killed a five-headed hydra
 13300 | Lair:1   | Received a gift from Okawaru
 14142 | Lair:1   | Received a gift from Okawaru
 14534 | Lair:2   | Found a staircase to the Swamp.
 14775 | Lair:2   | Reached XP level 12. HP: 129/129 MP: 19/19
 14844 | Lair:2   | Noticed Sonja
 14847 | Lair:2   | Noticed Sonja
 14847 | Lair:2   | Sonja changed into Sonja the shapeshifter
 14848 | Lair:2   | Noticed Sonja
 14848 | Lair:2   | Sonja the shapeshifter changed into Sonja the polar bear
 14853 | Lair:2   | Killed Sonja the polar bear
 15345 | Lair:3   | Reached skill level 5 in Throwing
 15345 | Lair:3   | Reached skill level 5 in Dodging
 16114 | Lair:3   | Received a gift from Okawaru
 16115 | Lair:3   | Found the +3 sling "Punk" {acid, rCorr}
 16121 | Lair:3   | HP: 7/156 [acid (4)]
 16123 | Lair:3   | Killed from afar by an oklob plant

Levels and vault maps discovered:
D:1:      lemuel_arrival_lava_pool, layout_rooms
D:2:      cheibrodos_old_hovel, layout_basic, dk_noncrumbling_2,
          minmay_misc_feat_encased, uniq_terence, uniq_sigmund, uniq_jessica
D:3:      layout_basic, uniq_grinder, uniq_robin
D:4:      layout_basic, okawaru_ov_weapons_minmay
D:5:      layout_basic, basic_altar, first_ration, minmay_ogre_servants,
          uniq_blork_the_orc, uniq_menkaure
D:6:      layout_basic, kennysheep_mini, lemuel_crystal_altar,
          old_standard_altar, minmay_temple_entry_proselytizer,
          minmay_crystal_water, uniq_eustachio
D:7:      layout_loops_ring, marbit_many_paths
D:8:      layout_gridville, yredelemnul_altar_generic, uniq_maggie, uniq_harold
D:9:      layout_loops_cross, hex_large
D:10:     minmay_statue_hallways, layout_rooms, erik_lair_dragon,
          kennysheep_orc_monster_closet_entryway
D:11:     layout_roguey
Lair:1:   layout_long_grid, grunt_megastairs_4, serial_bayou_shore_a
Lair:2:   layout_loops_ring, nicolae_swamp_entry_splash_gauntlet,
          fungi_pond_lemuel, uniq_sonja
Lair:3:   layout_loops_ring, minmay_stone_trees_medium, serial_bayou_shore_b,
          grunt_megastairs_5, minmay_lair_oklob_chamber,
          infiniplex_staircase_pool_2, lemuel_fruit_tree

Skill      XL: |  1  2  3  4  5  6  7  8  9 10 11 12 |
---------------+-------------------------------------+-----
Unarmed Combat | 3 5 6 7 9 10 11 | 11.9
Fighting       | 2 3 4 6 7 9 11 | 11.7
Transmutations | 2 3 5 |  5.8
Spellcasting   | 3 5 |  5.0
Poison Magic   | 1 |  1.6
Invocations    | 3 4 |  4.0
Throwing       | 1 4 5 |  5.4
Dodging        | 2 4 5 |  5.3
Ice Magic      | 3 |  3.1

Action                   |  1- 3 |  4- 6 |  7- 9 | 10-12 || total
-------------------------+-------+-------+-------+-------++-------
Melee: Unarmed           |   141 |   188 |   264 |   408 ||  1001
       Punch             |     1 |       |     6 |     2 ||     9
       Kick              |       |       |     2 |       ||     2
 Cast: Sticks to Snakes  |     2 |     2 |     3 |     2 ||     9
       Spider Form       |       |    14 |    30 |    13 ||    57
       Beastly Appendage |       |       |     1 |     1 ||     2
       Ice Form          |       |       |       |    30 ||    30
Invok: Heroism           |       |       |     5 |    12 ||    17
Evoke: Wand              |       |       |       |     2 ||     2
  Use: Potion            |       |     1 |     1 |       ||     2
       Scroll            |       |       |    10 |     5 ||    15
 Stab: Sleeping          |       |       |     3 |     3 ||     6
  Eat: Chunk             |     1 |    10 |     8 |    11 ||    30
       Ration            |       |       |     4 |     5 ||     9
Armor: Robe              |    72 |    12 |     8 |       ||    92
       Skin              |       |     9 |    10 |    56 ||    75
       Steam dragon scal |       |       |     3 |    26 ||    29
Dodge: Dodged            |   104 |   111 |   157 |   194 ||   566

Table legend:
 A = Non-vault XP
 B = Vault XP
 C = Vault XP percentage of total XP
 D = Non-vault monster count
 E = Vault monster count
 F = Vault count percentage of total count
                 A         B        C        D         E       F
            +---------+---------+-------+---------+---------+-------
      Total |   13321 |    9706 |  42.2 |     214 |      77 |  26.5
            +---------+---------+-------+---------+---------+-------
        D:1 |      42 |       0 |   0.0 |      20 |       0 |   0.0
        D:2 |      83 |     197 |  70.4 |      31 |       4 |  11.4
        D:3 |     123 |     262 |  68.1 |      13 |      13 |  50.0
        D:4 |     160 |       0 |   0.0 |       7 |       0 |   0.0
        D:5 |     512 |     375 |  42.3 |      14 |      11 |  44.0
        D:6 |     831 |     245 |  22.8 |      16 |       2 |  11.1
        D:7 |     826 |       0 |   0.0 |      16 |       0 |   0.0
        D:8 |     822 |    1411 |  63.2 |      18 |       2 |  10.0
        D:9 |    1546 |       0 |   0.0 |      23 |       0 |   0.0
       D:10 |    2368 |    3177 |  57.3 |      27 |      28 |  50.9
     Lair:1 |    3134 |    1440 |  31.5 |      13 |       7 |  35.0
     Lair:2 |     643 |     628 |  49.4 |       6 |       3 |  33.3
     Lair:3 |    2231 |    1971 |  46.9 |      10 |       7 |  41.2
            +---------+---------+-------+---------+---------+-------
